cohdb
Replays
Latest Replays
All Replays
Popular Replays
Top Player Replays
Match Explorer
How It Works
Community
CoH3 Stats
Reddit
Sign in to upload your games and track your stats! →
Sign in with Steam
Match 45829634
Unlisted
Match 45829634
Overview
Messages
Build Orders
End
Construct Infanterie Kompanie
Pioneer Squad
Selects Terror Battlegroup
Selects Machine Gun Camouflage
MG 42 Machine Gun Team
MG 42 Machine Gun Team
Grenadier Squad
Grenadier Squad
Construct Panzergrenadier Kompanie
Panzergrenadier Squad
Selects Contempt for the Weak
Medical Station
Panzergrenadier Squad
Pak 40 Anti-tank Gun Team
Pak 40 Anti-tank Gun Team
Selects No Quarter
Support Elements
Nebelwerfer 42 Rocket Launcher Team
Nebelwerfer 42 Rocket Launcher Team
Medical Bunker
Selects Jericho Trumpet
Panzergrenadier Squad
StuG III G Assault Gun
StuG III G Assault Gun
Pioneer Squad
Side Skirts
StuG III G Assault Gun
Selects King Tiger Heavy Tank
King Tiger Heavy Tank
Ra11
Stormless
Skeng.Tecnica.International
Rather Splendid Cromwell
0
0
Comments
sign in to comment!
No comments posted yet!